 Dungeon Crawl Stone Soup version 0.31-a0-246-g8cbcc1cb85 (webtiles) character file.

Game seed: 7790101773588048693

48 gruber the Ruffian (level 3, 0/27 HPs)
             Began as a Demonspawn Shapeshifter on July 12, 2023.
             Slain by a gnoll
             ... wielding a +0 spear
              (8 damage)
             ... on level 4 of the Dungeon.
             The game lasted 00:01:02 (1030 turns).

gruber the Ruffian (Demonspawn Shapeshifter)        Turns: 1030, Time: 00:01:03

Health: 0/27       AC:  4    Str: 17    XL:     3   Next: 50%
Magic:  3/3        EV: 12    Int:  9    God:
Gold:   87         SH:  0    Dex: 13    Spells: 2/2 levels left

rFire   . .          .
                       - Unarmed
rCold   . . .        (no shield)
rNeg    . . .        a - +0 animal skin
rPois   .            (helmet currently unavailable)
rElec   .            (cloak currently unavailable)
rCorr   .            (gloves currently unavailable)
SInv    .            (boots currently unavailable)
Will    .....        (no amulet)
Stlth   +            (no ring)
HPRegen 0.24/turn    (no ring)
MPRegen 0.08/turn

%: no passive effects
@: beast-form
A: beast (slay +1), thin metallic scales 1, demonic touch 1
a: no special abilities


You were on level 4 of the Dungeon.
You were a hulking beast.
You visited 1 branch of the dungeon, and saw 3 of its levels.

You collected 87 gold pieces.

Inventory:

Armour
 a - a +0 animal skin (worn)
Talismans
 c - a beast talisman
Scrolls
 d - a scroll of teleportation {unknown}
 g - a scroll of enchant armour {unknown}
 i - a scroll of identify {unknown}
 j - a scroll of torment {unknown}
Potions
 b - a potion of lignification
 e - a potion of curing {unknown}
 f - 2 potions of heal wounds {unknown}
 h - a potion of invisibility {unknown}


   Skills:
 - Level 2.0 Fighting
 - Level 1.7 Dodging
 + Level 3.6 Unarmed Combat
 - Level 2.6 Shapeshifting


You had 2 spell levels left.
You didn't know any spells.
Your spell library contained the following spells:

 Spells                   Type           Power      Damage    Failure   Level
 Poisonous Vapours        Pois/Air       0%         N/A       52%         2
 Mephitic Cloud           Conj/Pois/Air  0%         N/A       77%         3
 Freezing Cloud           Conj/Ice/Air   0%         6-21      100%        5


Dungeon Overview and Level Annotations

Branches:
Dungeon (2/15)

Altars:


Innate Abilities, Weirdness & Mutations

You are a hulking beast.
Your limbs bulge with bestial killing power. (Slay +1)
You are partially covered in thin metallic scales. (AC +2)
Your touch may inflict minor irresistible damage on your foes.


Message History

An adder comes into view.
The adder hisses angrily.
The adder bites you but does no damage.
You hit the adder.
The adder is severely wounded.
The adder closely misses you.
You hit the adder.
You kill the adder!
No target in view!
No target in view!
Found a ring mail.
No target in view!
You now have 87 gold pieces (gained 12).
A gnoll comes into view.
It is wielding a +0 whip. 2 gnolls come into view.
The gnoll shouts!
A gnoll comes into view. It is wielding a +0 spear.
The gnoll shouts!
You hear the slow rusting of a very distant drain.
You swing at nothing.
You swing at nothing.
You swing at nothing.
You swing at nothing.
You hit the gnoll.
You touch the gnoll!
The gnoll is severely wounded.
The gnoll barely misses you. The gnoll hits you with a +0 flail.
You hit the gnoll.
The gnoll is almost dead.
The gnoll closely misses you. The gnoll hits you with a +0 flail.
You hit the gnoll.
You kill the gnoll!
The gnoll hits you with a +0 flail!
* * * LOW HITPOINT WARNING * * *
The gnoll barely misses you.
Unknown command.
You hit the gnoll.
The gnoll is moderately wounded.
The gnoll misses you.
The gnoll hits you from afar with a +0 spear!
You die...

### ##### #..
...########
######.#####..†.....#
#.............#####.#
#.####..#.....gg.##.#
#.#.....#.##..##h##.#
..........##..##)##.#
#.#......ggg....#...#
#.####..####.#.###.##
##..[...# ###..#.##
.######## ###.## .
### ~. .g


You could see 2 gnolls.

Vanquished Creatures
  A gnoll (D:4)
  An adder (D:4)
  An endoplasm (D:1)
  2 giant cockroaches
  5 goblins
  5 hobgoblins (D:1)
  4 jackals
  4 kobolds
  2 ball pythons
  2 rats (D:1)
27 creatures vanquished.

Notes
Turn   | Place    | Note
-------+----------+-------------------------------------------
     0 | D:1      | gruber the Demonspawn Shapeshifter began the quest for the
                  | Orb.
     0 | D:1      | Reached XP level 1. HP: 16/16 MP: 1/1
   108 | D:1      | Reached skill level 2 in Unarmed Combat
   174 | D:1      | Gained mutation: You are partially covered in thin metallic
                  | scales. (AC +2) [demonic ancestry]
   174 | D:1      | Reached XP level 2. HP: 22/22 MP: 2/2
   854 | D:1      | Reached skill level 3 in Unarmed Combat
   910 | D:2      | Gained mutation: Your touch may inflict minor irresistible
                  | damage on your foes. [demonic ancestry]
   910 | D:2      | Reached XP level 3. HP: 21/27 MP: 3/3
   964 | D:2      | You fall into a shaft and drop 2 floors!
  1030 | D:4      | Slain by a gnoll

Illustrated notes

Levels and vault maps discovered:
D:1:      dpeg_arrival_oval, layout_basic, minmay_3d_cube
D:2:      layout_rooms
D:4:      layout_loops_cross, lemuel_coloured_pillars_altar,
          mainiacjoe_overflow_cross_hatched,
          chequers_temple_overflow_statue_of_worship, elyvilon_altar_4,
          gammafunk_temple_overflow_wave, gup_sewer_entry_pipe,
          amcnicky_mini_pool_small, kennysheep_generic_room_3

Skill      XL: |  1  2 |
---------------+-------+-----
Unarmed Combat | 2 3 |  3.6
Fighting       | |  2.0
Dodging        | |  1.7
Shapeshifting  | |  2.6

Action                     || total
---------------------------++-------
  Melee: Unarmed           ||    63
         Punch             ||     1
         Touch             ||     2
 Armour: Animal skin       ||    20
  Dodge: Dodged            ||    50

Table legend: (Time is in decaauts)
 A = Elapsed time spent in this place.
 B = Non-inter-level travel time spent in this place.
 C = Inter-level travel time spent in this place.
 D = Time resting spent in this place.
 E = Time spent auto-exploring this place.
 F = Levels seen in this place.
 G = Mean time per level.
                   A        B        C        D        E       F      G
               +--------+--------+--------+--------+--------+-----+--------+
         Total |   1027 |    995 |     32 |     26 |    809 |   3 |  342.3 |
       Dungeon |   1027 |    995 |     32 |     26 |    809 |   3 |  342.3 |
               +--------+--------+--------+--------+--------+-----+--------+

Top non-repeatable levels by time:
     D:1: 869 daAuts
     D:2: 92 daAuts
     D:4: 65 daAuts
